 Dungeon Crawl Stone Soup version 0.21.1-1-g345015fe64 (webtiles) character file.

91 Ivernyr the Charmwright (level 4, -11/33 HPs)
             Began as a Demonspawn Skald on May 8, 2018.
             Mangled by an orc
             ... wielding a +0 hand axe of electrocution
              (18 damage)
             ... on level 3 of the Dungeon.
             The game lasted 00:06:57 (1941 turns).

Ivernyr the Charmwright (Demonspawn Skald)          Turns: 1941, Time: 00:06:58

Health: -11/33     AC:  8    Str: 12    XL:     4   Next: 33%
Magic:  2/7        EV: 12    Int: 14    God:
Gold:   106        SH:  0    Dex: 13    Spells: 2/7 levels left

rFire    . . .     SeeInvis .   a - +0 falchion
rCold    . . .     Gourm    .   (no shield)
rNeg     . . .     Faith    .   b - +0 leather armour
rPois    .         Spirit   .   (helmet restricted)
rElec    .         Reflect  .   l - +0 cloak
rCorr    +         Harm     .   h - +1 pair of gloves
MR       +....                  (no boots)
Stlth    +.........             (no amulet)
HPRegen  0.11/turn              o - ring of protection from magic
MPRegen  0.10/turn              q - ring of resist corrosion

@: singing, very slightly contaminated
A: horns 1, molten scales 1
a: no special abilities


You were on level 3 of the Dungeon.
You were not hungry.

You visited 1 branch of the dungeon, and saw 3 of its levels.

You collected 106 gold pieces.

Inventory:

Hand Weapons
 a - a +0 falchion (weapon)
Armour
 b - a +0 leather armour (worn)
 h - a +1 pair of gloves (worn)
 l - a +0 cloak (worn)
Jewellery
 o - a ring of protection from magic (left hand)
 q - a ring of resist corrosion (right hand)
Scrolls
 e - a scroll of enchant armour {unknown}
 f - a scroll of immolation {unknown}
 g - 6 scrolls of identify {unknown}
 i - a scroll of fear {unknown}
 n - 4 scrolls of magic mapping {unknown}
 r - 2 scrolls of remove curse {unknown}
Potions
 j - a potion of lignification {unknown}
 k - a potion of heal wounds {unknown}
 m - a potion of curing {unknown}
Books
 c - a book of Battle

   Spells                             Type                      Level
   a - Infusion                       Charms                       1
   b - Shroud of Golubria             Charms/Translocation         2
   c - Song of Slaying                Charms                       2
   d - Spectral Weapon                Hexes/Charms                 3
   e - Regeneration                   Charms/Necromancy            3
Comestibles
 d - 6 rations


   Skills:
 - Level 2.0 Fighting
 + Level 2.5 Long Blades
 * Level 2.7 Armour
 - Level 1.7 Dodging
 - Level 2.0 Spellcasting
 + Level 3.3 Charms


You had 2 spell levels left.
You knew the following spells:

 Your Spells              Type           Power        Failure   Level  Hunger
a - Shroud of Golubria    Chrm/Tloc      #.........   22%         2    ###....
b - Song of Slaying       Chrm           ##......     12%         2    ###....
c - Infusion              Chrm           ##..         8%          1    ##.....


Dungeon Overview and Level Annotations

Branches:
Dungeon (3/15)

Altars:
Gozag
Okawaru
Ru


Innate Abilities, Weirdness & Mutations

You have a pair of small horns on your head.
You are partially covered in molten scales. (AC +2)


Message History

The giant cockroach bites you but does no damage.
The orc hits you but does no damage.
The giant cockroach waves its antennae.
The giant cockroach bites you but does no damage.
The orc barely misses you.
You closely miss the orc. The orc misses you.
You hit the orc.
The orc is lightly wounded.
Your shroud begins to fray at the edges.
The orc hits you with a hand axe of electrocution.
You are electrocuted!
* * * LOW HITPOINT WARNING * * *
The orc barely misses you.
You hit the orc but do no damage.
The orc hits you with a hand axe of electrocution.
* * * LOW HITPOINT WARNING * * *
Your shroud falls apart!
You are electrocuted!
Ouch! That really hurt!
You die...

#....)...#..##......
#........#.#oo..#...
#...........s(o.....
#.)......######.....
#........# ...
#.....K..##### . #
#....soo.#... ..
########o##..# #.#.
#.....##@##.##.....
#.....##........#
#.....##......###
#....((....####
#...(....###
#.....##.#
#.....##.#
#.....##.#
########.#


You could see 3 orcs, a giant cockroach and a kobold.

Vanquished Creatures
  4 adders (D:2)
  2 dart slugs (D:1)
  A worm (D:3)
  2 leopard geckos (D:1)
  An orc (D:3)
  5 bats (D:1)
  3 giant cockroaches
  4 hobgoblins
  5 kobolds
  A quokka (D:3)
  2 frilled lizards
  9 goblins
  7 rats
46 creatures vanquished.

Notes
Turn   | Place    | Note
-------+----------+-------------------------------------------
     0 | D:1      | Ivernyr the Demonspawn Skald began the quest for the Orb.
     0 | D:1      | Reached XP level 1. HP: 16/16 MP: 3/3
    25 | D:1      | Reached skill level 1 in Armour
   220 | D:1      | Gained mutation: You have a pair of small horns on your head. [demonic ancestry]
   220 | D:1      | Reached XP level 2. HP: 22/22 MP: 5/5
   481 | D:1      | Reached skill level 3 in Charms
   584 | D:1      | Learned a level 2 spell: Song of Slaying
   587 | D:1      | Learned a level 2 spell: Shroud of Golubria
   726 | D:1      | Reached XP level 3. HP: 26/27 MP: 6/6
   946 | D:2      | Found an opulent altar of Gozag.
  1369 | D:2      | Found a faded altar of an unknown god.
  1480 | D:2      | Gained mutation: You are partially covered in molten scales. (AC +2) [demonic ancestry]
  1480 | D:2      | Reached XP level 4. HP: 33/33 MP: 5/7
  1558 | D:2      | Found a sacrificial altar of Ru.
  1853 | D:3      | Found an iron altar of Okawaru.
  1941 | D:3      | Mangled by an orc

Skill      XL: |  1  2 |
---------------+-------+-----
Armour         | 1 2 |  2.7
Long Blades    | 2 |  2.5
Charms         | 3 |  3.3
Fighting       | |  2.0
Dodging        | |  1.7
Spellcasting   | |  2.0

Action                   |  1- 3 |  4- 6 || total
-------------------------+-------+-------++-------
Melee: Falchion          |   105 |    44 ||   149
       Headbutt          |     9 |     4 ||    13
 Cast: Shroud of Golubri |     4 |     4 ||     8
       Song of Slaying   |       |     1 ||     1
  Eat: Chunk             |     2 |     2 ||     4
Armor: Leather armour    |    46 |    31 ||    77
Dodge: Dodged            |    70 |    34 ||   104
       Rpst.: Falchion   |    16 |    14 ||    30
